Map: 얼어붙은 사원

Players

llllllllllll

  • Race: Terran Terran
  • League: Grandmaster

llllllllllll (Scarlett) - Winner!

  • Race: Zerg Zerg
  • League: Grandmaster

VOD

Have the link to the VOD?

Description

Time

  • Played on: April 10, 2016, 1:58 a.m.
  • Length: 10:59
Show
View Real Time Build Order
Export as new Build Order

llllllllllll Terran 

Build Orders: Reaper Expand, MMM Bio 

Get SALT Encoding   

  12  0:00  SCV  
  13  0:12  SCV  
  14  0:17  Supply Depot  
  14  0:25  SCV  
  15  0:39  Barracks, SCV  
  16  0:43  Refinery  
  16  0:51  SCV  
  17  1:03  SCV  
  18  1:15  SCV  
  19  1:26  Reaper  
  19  1:27  Orbital Command  
  20  1:39  Command Center  
  20  1:50  Supply Depot  
  20  1:53  SCV  
  21  1:58  Barracks Reactor  
  21  2:05  SCV  
  22  2:17  SCV  
  22  2:20  Factory  
  23  2:29  SCV  
  24  2:36  Marine x2  
  26  2:41  SCV  
  27  2:46  Command Center  
  27  2:52  Orbital Command  
  27  2:53  SCV  
  27  2:58  Marine x2  
  30  3:05  SCV  
  30  3:11  Refinery  
  31  3:18  SCV  
  31  3:19  SCV  
  33  3:22  Hellion  
  33  3:23  Hellion, Starport  
  37  3:30  SCV  
  37  3:31  SCV  
  39  3:34  Barracks Tech Lab  
  39  3:37  Supply Depot  
  39  3:42  SCV  
  39  3:43  SCV  
  39  3:45  Hellion x2  
  45  3:53  Marine, Stimpack  
  46  3:58  SCV x2  
  48  4:05  Orbital Command  
  48  4:10  SCV x2  
  48  4:14  Hellion x2  
  52  4:22  Marine, SCV  
  53  4:24  Medivac  
  53  4:28  Barracks, SCV  
  53  4:29  Barracks  
  56  4:33  SCV  
  57  4:39  Marine, Hellion x2  
  57  4:42  SCV  
  63  4:50  SCV  
  63  4:51  Engineering Bay x2  
  63  4:52  SCV  
  64  4:54  SCV  
  64  4:57  Marine  
  66  5:02  Starport Reactor, SCV, Orbital Command  
  68  5:11  Barracks  
  68  5:13  Barracks, SCV  
  68  5:15  Marine, Supply Depot x2  
  68  5:19  Factory Reactor  
  69  5:22  Terran Infantry Weapons Level 1  
  69  5:23  Terran Infantry Armor Level 1  
  69  5:24  Barracks Reactor x2  
  69  5:34  Refinery  
  69  5:36  Marine, Refinery  
  69  5:37  SCV x3  
  69  5:40  Supply Depot  
  73  5:43  Medivac  
  73  5:49  SCV x3  
  78  5:54  Marine  
  79  6:00  Barracks Reactor  
  79  6:01  SCV x3  
  81  6:06  Barracks  
  81  6:07  Barracks, Marine x2  
  81  6:09  Factory Reactor, Barracks  
  81  6:10  Marine  
  84  6:11  Marine  
  84  6:13  SCV x2  
  84  6:14  Supply Depot  
  84  6:15  SCV  
  84  6:17  Marine  
  84  6:19  Marine  
  84  6:20  Medivac x2  
  84  6:22  Marine  
  84  6:25  Marine, SCV x2  
  87  6:27  SCV  
  87  6:30  Refinery  
  87  6:31  Marine  
  90  6:34  Marine  
  90  6:37  Marine x2, SCV x2  
  90  6:39  Marine x2, SCV  
  97  6:44  Combat Shields  
  97  6:47  Marine x2, Armory, Supply Depot  
  97  6:48  Marauder  
  97  6:52  Refinery  
  101  7:02  Supply Depot  
  101  7:03  Factory Tech Lab  
  101  7:04  Supply Depot  
  101  7:05  Barracks Tech Lab  
  101  7:09  Marine x2, Medivac x2, SCV x2  
  109  7:20  Factory  
  109  7:21  Supply Depot  
  109  7:23  Marine x5  
  109  7:24  SCV x3  
  109  7:27  Supply Depot  
  109  7:29  Marine, Siege Tank  
  120  7:30  Marine, Supply Depot  
  120  7:36  SCV x3  
  125  7:42  Marine x2  
  125  7:43  Medivac x2  
  131  7:48  SCV  
  130  7:53  Marine x3  
  133  7:59  SCV  
  133  8:00  Marauder, Marine  
  133  8:04  SCV x2  
  135  8:07  Marine x2  
  135  8:08  Marine x2  
  135  8:09  Factory Tech Lab, Siege Tank  
  135  8:10  Marine  
  139  8:14  Supply Depot x2  
  139  8:16  Marine, Command Center  
  139  8:17  Terran Infantry Armor Level 2, Terran Infantry Weapons Level 2  
  139  8:18  Terran Vehicle Weapons Level 1  
  140  8:21  Marine  
  140  8:26  Marine  
  144  8:27  Medivac x2  
  144  8:28  Marine  
  144  8:29  Marauder  
  144  8:33  Marauder  
  149  8:35  Marine x2  
  149  8:39  Supply Depot x2  
  151  8:45  Marine, Siege Tank  
  151  8:46  Marine  
  156  8:49  Marine x3  
  156  8:50  Marauder  
  156  8:51  Siege Tank  
  156  8:54  Marauder  
  163  9:01  Marine  
  163  9:02  Marine x2  
  166  9:03  Medivac x2, Marine  
  166  9:04  Marine x2  
  166  9:08  Marine  
  174  9:11  Marine x2, Marauder  
  174  9:13  Marine  
  174  9:14  Marine x2  
  174  9:16  Liberator x2  
  180  9:17  Marauder, Ghost Academy  
  181  9:25  Supply Depot x2  
  175  9:33  Marauder, Marine  
  175  9:34  Marine x3  
  175  9:35  Marine  
  184  9:39  Marauder  
  184  9:40  Marine  
  187  9:47  Marine  
  187  9:48  Marine x2  
  187  9:49  Siege Tank x2  
  187  9:54  Marauder  
  153  10:00  Marauder  
  153  10:02  Marine  
  130  10:07  Marine x2  
  130  10:08  Marine x2  
  133  10:15  Ghost  
  133  10:16  Marine  
  125  10:21  Marine, Marauder  
  125  10:24  Marine  
  125  10:28  Marine  
  135  10:29  Marine x2  
Show
View Real Time Build Order
Export as new Build Order

llllllllllll Zerg - Winner!

Build Orders: Hatch First 

Get SALT Encoding   

  12  0:00  Drone  
  13  0:10  Drone  
  14  0:17  Overlord  
  14  0:25  Extractor, Drone  
  15  0:37  Drone  
  15  0:38  Drone  
  17  0:51  Hatchery  
  17  0:56  Drone  
  17  0:59  Drone  
  18  1:12  Spawning Pool  
  18  1:14  Extractor  
  18  1:16  Drone  
  17  1:19  Drone  
  18  1:27  Drone  
  19  1:37  Overlord  
  19  1:48  Drone  
  20  2:00  Queen  
  22  2:02  Zergling x2  
  22  2:03  Queen  
  22  2:04  Zergling x2  
  26  2:13  Metabolic Boost, Drone  
  27  2:27  Overlord, Drone x2  
  29  2:37  Queen, Drone x2  
  33  2:46  Drone x2  
  35  2:55  Drone  
  36  3:00  Pneumatized Carapace  
  36  3:06  Drone x2  
  36  3:11  Drone x2  
  36  3:12  Drone x2  
  42  3:13  Overlord  
  42  3:20  Zergling x4  
  44  3:34  Overlord, Drone x2  
  45  3:40  Roach Warren  
  45  3:42  Hatchery  
  44  3:49  Drone x5  
  44  3:53  Overlord  
  44  3:55  Drone  
  50  3:57  Extractor  
  49  4:04  Zergling x2  
  49  4:05  Zergling x4  
  49  4:07  Overlord  
  52  4:15  Overlord  
  51  4:17  Overlord  
  51  4:18  Zergling x2  
  51  4:27  Extractor  
  50  4:32  Roach x6  
  50  4:34  Lair  
  62  4:39  Queen  
  64  4:49  Drone  
  64  4:50  Drone x2  
  64  4:52  Evolution Chamber  
  66  4:54  Evolution Chamber  
  64  5:02  Drone x4  
  64  5:05  Spore Crawler  
  67  5:14  Drone  
  67  5:15  Drone x4  
  72  5:21  Extractor, Zerg Ground Armor Level 1, Zerg Melee Weapons Level 1  
  72  5:28  Overlord, Drone x3  
  73  5:34  Drone x2  
  76  5:36  Drone x2, Infestation Pit  
  77  5:48  Glial Reconstitution  
  77  5:50  Drone x8  
  83  6:05  Roach  
  83  6:06  Roach x4  
  83  6:08  Drone x4  
  83  6:10  Extractor  
  96  6:11  Extractor  
  95  6:26  Hive, Infestor  
  95  6:27  Zergling x2  
  95  6:29  Overlord x5  
  98  6:45  Hatchery  
  98  6:46  Drone  
  98  6:48  Drone  
  98  6:49  Drone x8  
  98  6:51  Infestor  
  108  7:09  Infestor x2  
  108  7:13  Zergling x2  
  108  7:14  Zergling x14  
  120  7:19  Zerg Melee Weapons Level 2  
  120  7:22  Zerg Ground Armor Level 2  
  120  7:29  Overlord x3  
  120  7:30  Overlord x2  
  120  7:33  Extractor  
  120  7:34  Extractor  
  118  7:42  Ultralisk Cavern  
  118  7:43  Ravager  
  119  7:44  Ravager  
  118  8:03  Zergling x14  
  118  8:04  Zergling x12  
  131  8:10  Zergling x8  
  131  8:11  Adrenal Glands  
  135  8:14  Ravager x4  
  135  8:17  Drone x5  
  135  8:18  Spine Crawler, Extractor  
  142  8:24  Overseer  
  142  8:29  Chitinous Plating  
  141  8:34  Overlord x3  
  141  8:46  Ultralisk  
  141  8:47  Ultralisk  
  141  8:48  Zergling x26  
  166  8:57  Ultralisk  
  171  9:08  Drone  
  171  9:09  Spire  
  171  9:13  Zergling x22  
  180  9:22  Zergling x14  
  179  9:26  Ravager x5  
  179  9:27  Drone x2  
  180  9:34  Drone x4  
  149  10:04  Ultralisk x3  
  158  10:08  Zergling x2  
  158  10:09  Zergling x22  
  170  10:14  Extractor  
  169  10:24  Corruptor x2  
  167  10:50  Spore Crawler  
Tags
 
Add a new tag
Caveats
  • Supply blocks, unpowered buildings, or Contaminate may cause inaccurate times.
  • Supply counts are checked every 10 seconds.